 Dungeon Crawl Stone Soup version 0.25.1-2-g60ff931df9 (webtiles) character file.

Game seed: 3388124850661723821

7200 LastWolf the Fighter (level 11, -1/92 HPs)
             Began as a Barachi Abyssal Knight on Nov 13, 2020.
             Was a Priest of Lugonu.
             Slain by a yak (14 damage)
             ... on level 1 of the Lair of Beasts on Nov 14, 2020.
             The game lasted 01:47:41 (10298 turns).

LastWolf the Fighter (Barachi Abyssal Knight)      Turns: 10298, Time: 01:47:41

Health: -1/92      AC:  6    Str: 15    XL:     11   Next: 11%
Magic:  17/17      EV: 16    Int: 13    God:    Lugonu [***...]
Gold:   256        SH:  5    Dex: 13    Spells: 1/10 levels left

rFire    . . .     SeeInvis +   a - +0 double sword
rCold    + . .     Gourm    .   (no shield)
rNeg     . . .     Faith    .   A - +0 ring mail (curse)
rPois    +         Spirit   .   d - +0 helmet
rElec    +         Reflect  +   p - scarf {repulsion}
rCorr    .         Harm     .   j - +0 pair of gloves
MR       .....                  D - -5 pair of boots of the World {rElec rPois rC+} (curse)
Stlth    +.........             i - amulet of reflection
HPRegen  0.25/turn              n - ring of see invisible
MPRegen  0.15/turn              (no ring)

@: repel missiles, slow
A: +LOS, swims, slowness 1, strong legs 1
a: Hop, Depart the Abyss, Bend Space, Banish, Renounce Religion


You were on level 1 of the Lair of Beasts.
You worshipped Lugonu.
Lugonu was most pleased with you.
You were hungry.

You visited 2 branches of the dungeon, and saw 10 of its levels.
You visited the Abyss 1 time.

You collected 644 gold pieces.
You spent 388 gold pieces at shops.

Inventory:

Hand Weapons
 a - a +0 double sword (weapon)
 s - a +4 falchion of protection
Armour
 d - a +0 helmet (worn)
 f - a +4 ring mail
 j - a +0 pair of gloves (worn)
 p - a scarf of repulsion (worn)
 r - a +0 scale mail
 y - the +1 robe "Muokad" {rF+ rC+}
   (You found it on level 6 of the Dungeon)

   It protects you from fire.
   It protects you from cold.
 z - +0 steam dragon scales
 A - a cursed +0 ring mail (worn)
 C - the cursed +0 scale mail of the World {rElec, unknown}
   (You bought it in a shop on level 6 of the Dungeon)

   It insulates you from electricity.
   It has a curse placed upon it.
 D - the cursed -5 pair of boots of the World (worn) {rElec rPois rC+}
   (You bought it in a shop on level 6 of the Dungeon)

   It protects you from cold.
   It insulates you from electricity.
   It protects you from poison.
   It has a curse placed upon it.
Jewellery
 i - an amulet of reflection (around neck)
 n - a ring of see invisible (left hand)
Wands
 g - a wand of flame (1)
 B - a wand of digging (2)
Scrolls
 u - 4 scrolls of immolation
 x - a scroll of magic mapping
Potions
 b - a potion of ambrosia {unknown}
 e - 6 potions of curing
 l - 3 potions of stabbing
 m - 4 potions of mutation
 o - 2 potions of resistance
 q - a potion of degeneration {unknown}
 t - 2 potions of lignification {unknown}
 v - 2 potions of flight {unknown}
 w - a potion of magic {unknown}
Comestibles
 c - 13 rations


   Skills:
 + Level 10.9 Fighting
 - Level 2.4 Long Blades
 + Level 10.6 Armour
 + Level 9.5 Dodging
 - Level 1.5 Invocations
 + Level 8.2 Evocations


You had one spell level left.
You knew the following spells:

 Your Spells              Type           Power        Failure   Level  Hunger
a - Beastly Appendage     Tmut           #.....       45%         1    ##.....
b - Confusing Touch       Hex            #.......     83%         3    ####...
c - Lee's Rapid Deconstr  Erth           #.........   100%        5    ######.

Your spell library contained the following spells:

 Spells                   Type           Power        Failure   Level  Hunger
 Corona                   Hex            #......      45%         1    ##.....
 Sandblast                Erth           #.....       45%         1    ##.....
 Ensorcelled Hibernation  Hex/Ice        #.....       61%         2    ###....
 Passwall                 Tmut/Erth      #.......     61%         2    ###....
 Sticks to Snakes         Tmut           #.......     61%         2    ###....
 Dazzling Flash           Conj/Hex       #.....       83%         3    ####...
 Spider Form              Tmut/Pois      #.........   83%         3    ####...
 Stone Arrow              Conj/Erth      #.....       83%         3    ####...
 Tukima's Dance           Hex            #.......     83%         3    ####...
 Ice Form                 Ice/Tmut       #.......     99%         4    #####..
 Petrify                  Tmut/Erth      #.......     99%         4    #####..
 Blade Hands              Tmut           #.........   100%        5    ######.


Dungeon Overview and Level Annotations

Branches:
Dungeon (9/15)             Temple (0/1) D:7            Lair (1/6) D:8
    Orc: D:9-12

Altars:
Cheibriados

Shops:
D:6 [

Annotations:
D:8 2 runed translucent doors, 15bullets's ghost, novice GrFi
Lair:1 corrupted


Innate Abilities, Weirdness & Mutations

You can be seen from farther away. (+LOS)
You can swim through water.
You cover ground slowly.
You can hop short distances.


Message History

The yak is heavily wounded.
The yak closely misses you.
You barely miss the yak.
The yak is heavily wounded.
You block the yak's attack.
You hit the yak.
The yak is severely wounded.
The yak closely misses you. You block the yak's attack.
You barely miss the yak.
The yak is severely wounded.
You block the yak's attack.
You slash the yak!
The yak is severely wounded.
The yak gores you.
* * * LOW HITPOINT WARNING * * *
You slash the yak!
You kill the yak!
Lugonu accepts your kill. The yak gores you!
You die...

##........## ##...## #...######
#.YY.# ## ##...#*### ##Y.†##
.#####....##..# #.Y...#
......#.......## ##Y...#
.......##......# ##...##
......###.....## #....####
......# #.....###########Y.....##
......###.......@YYY.............
#.....#.#......###Y..............
..............## #.........$..<..
#.............# #...............
#.............# #...............
##P####.####### ####P#.##.######
### ### ########


You could see 4 yaks.

Vanquished Creatures
  Nergalle (Lair:1)
  Pikel (D:6)
  A black mamba (Lair:1)
  3 komodo dragons
  2 wyverns (D:8)
  A basilisk (D:8)
  A fire bat (D:4)
  6 yaks
  A steam dragon (D:8)
  3 water moccasins
  A porcupine (Lair:1)
  An orc warrior (D:7)
  A black bear (D:7)
  2 ice beasts (D:8)
  2 necrophages
  2 ogres
  A centaur (D:7)
  3 crocodiles
  8 bullfrogs
  3 scorpions
  A water moccasin skeleton (D:6)
  3 wights (D:4)
  3 electric eels
  A howler monkey (D:4)
  3 crimson imps
  A centaur zombie (D:8)
  A quasit (D:8)
  A wyvern simulacrum (D:8)
  A jelly (D:5)
  7 orc wizards
  A bullfrog skeleton (D:8)
  5 hounds
  2 orc priests (D:3)
  Ijyb (D:4)
  An iguana (D:7)
  5 worker ants
  A centaur simulacrum (D:8)
  A hound zombie (D:8)
  Robin (D:2)
  A howler monkey skeleton (D:7)
  13 adders
  A shadow imp (D:8)
  A white imp (Abyss:2)
  3 ufetubi (D:8)
  An ooze (D:3)
  3 worms (D:4)
  4 dart slugs
  An adder simulacrum (D:8)
  7 leopard geckos
  9 orcs
  6 giant cockroaches
  11 goblins
  12 hobgoblins
  4 jackals (D:7)
  7 kobolds
  2 quokkas
  A ball python (D:3)
  7 bats
  6 frilled lizards
  A quokka zombie (D:5)
  8 rats
193 creatures vanquished.

Vanquished Creatures (collateral kills)
  A wight (D:4)
1 creature vanquished.

Vanquished Creatures (others)
  6 yaks (Lair:1)
  A porcupine (Lair:1)
  A wight (D:4)
  A bullfrog skeleton (D:6)
  An adder (D:5)
  A goblin (D:2)
  3 fungi (Lair:1)
  A plant (Lair:1)
15 creatures vanquished.

Grand Total: 209 creatures vanquished

Notes
Turn   | Place    | Note
-------+----------+-------------------------------------------
     0 | Abyss:1  | LastWolf the Barachi Abyssal Knight began the quest for the
                  | Orb.
     0 | Abyss:1  | Reached XP level 1. HP: 18/18 MP: 2/2
     0 | Abyss:1  | Armour
     0 | Abyss:1  | Dodging
     0 | Abyss:1  | Shields
     0 | Abyss:1  | Evocations
     0 | Abyss:1  | Fighting
    15 | Abyss:2  | Found a corrupted altar of Lugonu.
    57 | Abyss:2  | Reached XP level 2. HP: 17/25 MP: 3/3
    93 | Abyss:3  | Noticed a tentacled starspawn
   115 | Abyss:3  | Noticed a smoke demon
   116 | D:1      | Escaped the Abyss
   310 | D:1      | Reached * piety under Lugonu
   717 | D:1      | Reached XP level 3. HP: 30/30 MP: 4/4
  1203 | D:2      | Reached skill level 1 in Evocations
  1435 | D:2      | Reached XP level 4. HP: 35/38 MP: 5/5
  1611 | D:2      | Noticed Robin
  1643 | D:2      | Killed Robin
  1702 | D:2      | Reached ** piety under Lugonu
  1886 | D:2      | Reached XP level 5. HP: 43/43 MP: 6/6
  2200 | D:3      | Found a snail-covered altar of Cheibriados.
  2487 | D:3      | Reached skill level 5 in Fighting
  2593 | D:3      | Reached XP level 6. HP: 45/51 MP: 6/8
  2767 | D:5      | Entered Level 5 of the Dungeon
  2964 | D:4      | Reached XP level 7. HP: 52/56 MP: 9/9
  2999 | D:4      | Noticed Ijyb
  3012 | D:4      | Killed Ijyb
  3012 | D:4      | Reached *** piety under Lugonu
  3030 | D:4      | Found a transporter.
  3033 | D:4      | Noticed a fire bat
  3094 | D:4      | Found a transporter.
  3125 | D:4      | Killed a fire bat
  3125 | D:4      | Reached skill level 5 in Armour
  4041 | D:6      | Found Jimigoib's Assorted Antiques.
  4079 | D:5      | Reached XP level 8. HP: 65/65 MP: 11/11
  4357 | D:5      | Reached skill level 5 in Dodging
  4456 | D:5      | Learned a level 5 spell: Lee's Rapid Deconstruction
  4459 | D:5      | Learned a level 2 spell: Passwall
  4787 | D:6      | Noticed Pikel
  4805 | D:6      | Killed Pikel
  4805 | D:6      | Reached XP level 9. HP: 52/74 MP: 12/12
  4837 | D:6      | Got a fine robe
  4884 | D:6      | Identified the +1 robe "Muokad" {rF+ rC+} (You found it on
                  | level 6 of the Dungeon)
  5033 | D:6      | Found Adwuepiph's Antique Armour Boutique.
  5052 | D:6      | Bought a crude scale mail for 189 gold pieces
  5052 | D:6      | Bought a pair of dazzling boots for 199 gold pieces
  5057 | D:6      | Identified the cursed -5 pair of boots of the World {rElec
                  | rPois rC+} (You bought it in a shop on level 6 of the
                  | Dungeon)
  5376 | D:6      | Learned a level 3 spell: Confusing Touch
  5608 | D:7      | Reached skill level 5 in Evocations
  5955 | D:7      | Found a staircase to the Ecumenical Temple.
  6620 | D:8      | Reached **** piety under Lugonu
  6824 | D:8      | Noticed a komodo dragon
  6827 | D:8      | Reached XP level 10. HP: 28/83 MP: 14/14
  7428 | D:8      | Found a large runed translucent door.
  7428 | D:8      | Found a large runed translucent door.
  7429 | D:8      | Noticed 15bullets's ghost (novice GrFi)
  7444 | D:8      | Learned a level 1 spell: Beastly Appendage
  7930 | D:8      | Reached skill level 10 in Fighting
  8021 | D:8      | Found a staircase to the Lair.
  8028 | Lair:1   | Entered Level 1 of the Lair of Beasts
  8039 | Lair:1   | Noticed a black mamba
  8329 | Lair:1   | Noticed Nergalle
  8347 | Lair:1   | Killed Nergalle
  8432 | Lair:1   | Reached skill level 10 in Armour
  8894 | Lair:1   | Corrupted Lair:1
  8894 | Lair:1   | Noticed an orange demon
  8894 | Lair:1   | Noticed a large abomination
  8896 | Lair:1   | Noticed a large abomination
  8902 | Lair:1   | Noticed a thrashing horror
  8922 | Lair:1   | HP: 1/86 [large abomination[Lugonu's corruption] (18)]
  9249 | Lair:1   | Killed a black mamba
  9575 | Lair:1   | Reached XP level 11. HP: 75/92 MP: 16/16
 10298 | Lair:1   | Slain by a yak

Illustrated notes

#. #.# ..##
... .. ##
#.. ...##..
.. #...#.#
.# #...#.#
#..@#
≈≈≈≈....#.#
####.#.# ##
##.# #.# ##


Turn 0 on Abyss:1: Armour

Levels and vault maps discovered:
D:1:      dpeg_arrival_fog, layout_basic, st_stairs_10
D:2:      layout_basic, uniq_robin
D:3:      layout_basic, kennysheep_slug_shrine, dk_noncrumbling_2
D:4:      gammafunk_cloud_chamber, layout_basic, minmay_puff, uniq_ijyb
D:5:      layout_basic, first_ration
D:6:      layout_rooms, serial_shops, shop, shop, uniq_pikel
D:7:      layout_loops_ring, minmay_temple_entry_mist, lightli_minifort
D:8:      layout_cave_pools, erik_lair_dragon, ebering_ghost_disaster_area,
          serial_ice, serial_ice_b, serial_ice_i, serial_ice_f, serial_ice_m
D:9:      layout_cave_pools
Lair:1:   layout_cellular_growth, grunt_megastairs_2, uniq_nergalle

Skill      XL: |  1  2  3  4  5  6  7  8  9 10 11 |
---------------+----------------------------------+-----
Fighting       | 4 5 6 8 9 10 | 10.9
Armour         | 3 4 5 7 9 10 | 10.6
Dodging        | 2 3 4 6 7 9 |  9.5
Evocations     | 1 2 3 4 6 7 8 |  8.2
Long Blades    | |  2.4
Invocations    | |  1.5

Action                   |  1- 3 |  4- 6 |  7- 9 | 10-12 || total
-------------------------+-------+-------+-------+-------++-------
Melee: Falchion          |    93 |   178 |    85 |       ||   356
       Long sword        |       |       |   167 |     1 ||   168
       Double sword      |       |       |       |   208 ||   208
Invok: Depart the Abyss  |     1 |       |       |       ||     1
       Bend Space        |       |       |       |    12 ||    12
       Corrupt           |       |       |       |     1 ||     1
 Abil: Hop               |     2 |     7 |     9 |     8 ||    26
Evoke: Wand              |       |     9 |    29 |    24 ||    62
  Use: Scroll            |     7 |     8 |    12 |     5 ||    32
       Potion            |       |     1 |     2 |     9 ||    12
 Stab: Invisible         |       |     3 |     1 |       ||     4
  Eat: Chunk             |     2 |     6 |    15 |     5 ||    28
       Ration            |       |       |       |     2 ||     2
Armor: Leather armour    |     1 |       |       |       ||     1
       Ring mail         |    33 |    95 |    90 |    50 ||   268
Dodge: Dodged            |    51 |   133 |   170 |   183 ||   537
       Repelled          |       |       |       |     1 ||     1
Block: Other             |     4 |    55 |    51 |    70 ||   180
       Reflection        |     1 |       |     1 |       ||     2
       Rpst.: Falchion   |    15 |    39 |    16 |       ||    70
       Long sword        |       |       |    40 |       ||    40
       Double sword      |       |       |       |    50 ||    50
